 Dungeon Crawl Stone Soup version 0.26.1-11-gd32895ea62 (webtiles) character file.

Game seed: 9328867112242358193

2088 Voidfull the Fighter (level 9, 0/85 HPs)
             Began as a Minotaur Berserker on Apr 19, 2021.
             Was an Elder of Trog.
             Succumbed to a killer bee's poison
             ... on level 8 of the Dungeon.
             The game lasted 00:31:40 (3419 turns).

Voidfull the Fighter (Minotaur Berserker)           Turns: 3419, Time: 00:31:41

Health: 0/85       AC:  3    Str: 24    XL:     9   Next: 6%
Magic:  8/8        EV: 29    Int:  4    God:    Trog [****..]
Gold:   252        SH:  0    Dex: 11    Spells: 8/8 levels left

rFire    . . .     SeeInvis .   r - +2 hand axe (drain)
rCold    . . .     Faith    .   (no shield)
rNeg     . . .     Spirit   .   o - +0 leather armour
rPois    .         Reflect  .   (helmet restricted)
rElec    .         Harm     .   (no cloak)
rCorr    .         Rampage  .   (no gloves)
Will     .....                  (no boots)
Stlth    +.........             f - amulet of the acrobat
HPRegen  0.24/turn              (no ring)
MPRegen  0.11/turn              (no ring)

@: lethally poisoned (0 -> -6), berserk cooldown, acrobat, slowed, very slow
A: retaliatory headbutt, horns 2
a: Renounce Religion, Berserk, Trog's Hand, Brothers in Arms


You were on level 8 of the Dungeon.
You worshipped Trog.
Trog was greatly pleased with you.
You visited 1 branch of the dungeon, and saw 8 of its levels.

You collected 252 gold pieces.

Inventory:

Hand Weapons
 a - a +0 hand axe
 h - a +0 dagger
 j - a +0 hand axe
 r - a +2 hand axe of draining (weapon)
 x - a +4 dagger
 C - a +0 war axe
 D - a +2 rapier of draining
 F - a +0 hand axe
Missiles
 d - a throwing net
Armour
 b - a +0 animal skin
 e - a cursed -1 robe
 o - a +0 leather armour (worn)
 v - a +0 ring mail
Jewellery
 f - an amulet of the acrobat (around neck)
 A - a cursed ring of teleportation {unknown}
 B - an uncursed ring of magical power {unknown}
Scrolls
 c - a scroll of enchant weapon
 m - a scroll of enchant armour {unknown}
 s - a scroll of random uselessness {unknown}
 t - a scroll of identify {unknown}
 u - a scroll of magic mapping {unknown}
 w - 3 scrolls of immolation {unknown}
 y - a scroll of fear {unknown}
 E - a scroll of remove curse {unknown}
 G - a scroll of teleportation {unknown}
Potions
 g - 2 potions of flight
 i - a potion of might {unknown}
 k - a potion of mutation {unknown}
 l - 2 potions of haste {unknown}
 n - a potion of berserk rage
 p - a potion of heal wounds {unknown}
 q - a potion of ambrosia {unknown}
 z - a potion of resistance {unknown}


   Skills:
 * Level 9.7 Fighting
 + Level 7.3 Axes
 + Level 6.7 Armour
 + Level 6.2 Dodging


You had 8 spell levels left.
You didn't know any spells.
Your spell library was empty.

Dungeon Overview and Level Annotations

Branches:
Dungeon (8/15)
 Temple: D:4-7         Lair: D:8-11

Altars:
Cheibriados
Okawaru
Xom


Innate Abilities, Weirdness & Mutations

You reflexively headbutt those who attack you in melee.
You have a pair of horns on your head.


Message History

You feel sick.
You feel your anger nearly subside.
You feel sick.
You are no longer berserk.
Trog's vigour flows through your veins.
You are exhausted.
You feel yourself slow down.
* * * LOW HITPOINT WARNING * * *
You feel sick.
* * * LOW HITPOINT WARNING * * *
You feel sick.
* * * LOW HITPOINT WARNING * * *
You feel sick.
* * * LOW HITPOINT WARNING * * *
You feel sick.
* * * LOW HITPOINT WARNING * * *
You feel sick.
* * * LOW HITPOINT WARNING * * *
You feel sick.
You die...

.. #.....# . #. #.....####
## ... #.####.#......# #.#
....##........#.##.###.####
#>........................
#.........................
.........#†).......###.####
###..##..#.†..#.##.###.####
.... #...@.........)......
####.......#.##.##...#(.(..
....#####.##.##...#.####
.##. ............... ##
##(##...#.#### # #...#(#
#.<.#.# #.#.#.# ......#


There were no monsters in sight!

Vanquished Creatures
  Psyche (D:8)
  Eustachio (D:6)
  A water moccasin (D:4)
  An orc warrior (D:8)
  4 ogres
  2 centaurs (D:8)
  2 bullfrogs
  A scorpion (D:4)
  4 killer bees (D:8)
  2 howler monkeys
  2 hounds (D:5)
  5 orc wizards
  3 orc priests
  2 worker ants
  7 adders
  An ufetubus (D:8)
  An adder skeleton (D:4)
  2 dart slugs
  5 leopard geckos
  28 orcs
  A ball python (D:1)
  9 giant cockroaches
  6 goblins
  A hobgoblin (D:2)
  14 jackals
  A quokka (D:8)
  4 bats
  4 frilled lizards
  6 kobolds
  2 leopard gecko skeletons
  6 rats
129 creatures vanquished.

Notes
Turn   | Place    | Note
-------+----------+-------------------------------------------
     0 | D:1      | Voidfull the Minotaur Berserker began the quest for the
                  | Orb.
     0 | D:1      | Reached XP level 1. HP: 19/19 MP: 0/0
   196 | D:1      | Reached XP level 2. HP: 20/27 MP: 1/1
   258 | D:1      | Reached skill level 4 in Fighting
   473 | D:2      | Reached XP level 3. HP: 28/33 MP: 2/2
   491 | D:2      | Reached ** piety under Trog
   628 | D:2      | Reached XP level 4. HP: 40/41 MP: 3/3
   923 | D:3      | Reached skill level 5 in Fighting
   960 | D:3      | Found a snail-covered altar of Cheibriados.
   970 | D:3      | Reached XP level 5. HP: 48/48 MP: 4/4
  1323 | D:3      | Reached *** piety under Trog
  1426 | D:4      | Found a shimmering altar of Xom.
  1518 | D:4      | Reached XP level 6. HP: 52/57 MP: 5/5
  1536 | D:4      | Reached skill level 6 in Fighting
  1591 | D:4      | Reached skill level 5 in Axes
  1768 | D:4      | Reached XP level 7. HP: 64/64 MP: 6/6
  1887 | D:4      | Reached skill level 7 in Fighting
  2135 | D:5      | Entered Level 5 of the Dungeon
  2158 | D:5      | Reached skill level 5 in Armour
  2453 | D:6      | Noticed Eustachio
  2473 | D:6      | Killed Eustachio
  2474 | D:6      | Reached skill level 8 in Fighting
  2474 | D:6      | Reached skill level 5 in Dodging
  2474 | D:6      | Reached XP level 8. HP: 30/74 MP: 7/7
  2942 | D:7      | Found an iron altar of Okawaru.
  3013 | D:8      | Noticed Psyche
  3015 | D:8      | Killed Psyche
  3016 | D:8      | Reached skill level 9 in Fighting
  3111 | D:8      | Reached **** piety under Trog
  3400 | D:8      | Reached XP level 9. HP: 50/84 MP: 8/8
  3416 | D:8      | HP: 3/85 [poisoned by a killer bee]
  3417 | D:8      | HP: 1/85 [poisoned by a killer bee]
  3419 | D:8      | Succumbed to a killer bee's poison

Illustrated notes

Levels and vault maps discovered:
D:1:      nzn_arrival_settlement, layout_loops_ring
D:2:      layout_loops_ring, minmay_nonomino_d4
D:3:      minmay_roachtagon, layout_basic, minmay_misc_feat_roman,
          cheibriados_altar_1, uniq_grinder
D:4:      layout_loops_corners, kennysheep_mini
D:5:      layout_rooms, serial_shops, nicolae_shop_trees
D:6:      layout_cave_pods, serial_column_ruins, column_ruins_hut,
          column_ruins_open_small, column_ruins_open_large, column_ruins_grid_1,
          column_ruins_grid_3, column_ruins_columns_straight,
          column_ruins_grid_4, uniq_eustachio
D:7:      layout_loops_ring, minmay_temple_entry_drinking_statues,
          kennysheep_okawaru_gauntlet, uniq_crazy_yiuf_cottage
D:8:      gammafunk_cloud_chamber, layout_basic, lair_entry_dummy, uniq_psyche

Skill      XL: |  1  2  3  4  5  6  7  8 |
---------------+-------------------------+-----
Fighting       | 4 5 6 8 9 |  9.7
Axes           | 4 5 6 7 |  7.3
Armour         | 3 4 5 6 |  6.7
Dodging        | 3 4 5 6 |  6.2

Action                   |  1- 3 |  4- 6 |  7- 9 || total
-------------------------+-------+-------+-------++-------
Melee: Hand axe          |    62 |   149 |   126 ||   337
       Headbutt          |     6 |    34 |    27 ||    67
Invok: Berserk           |     2 |       |     1 ||     3
  Use: Potion            |       |       |     4 ||     4
       Scroll            |       |       |     1 ||     1
Armor: Animal skin       |     4 |       |       ||     4
       Leather armour    |     2 |    20 |    21 ||    43
Dodge: Dodged            |    36 |   113 |   149 ||   298
